 Dungeon Crawl Stone Soup version 0.26-a0-835-g8259106e14 (webtiles) character file.

Game seed: 4693311516531014624

1464 selver the Stinger (level 8, -11/57 HPs)
             Began as a White Draconian Venom Mage on Nov 18, 2020.
             Was a Follower of Vehumet.
             Killed from afar by a wyvern zombie (34 damage)
             ... with an exploding inner flame
             ... hexed by the player character
             ... on level 6 of the Dungeon.
             The game lasted 00:28:49 (6698 turns).

selver the Stinger (White Draconian Venom Mage)     Turns: 6698, Time: 00:28:51

Health: -11/57     AC:  7    Str: 16    XL:     8   Next: 48%
Magic:  8/14       EV: 12    Int: 19    God:    Vehumet [*.....]
Gold:   62         SH:  5    Dex: 11    Spells: 2/16 levels left

rFire    . . .     SeeInvis .   p - +1 dagger (venom)
rCold    + . .     Faith    .   (no shield)
rNeg     . . .     Spirit   .   (armour unavailable)
rPois    .         Reflect  +   (helmet restricted)
rElec    .         Harm     .   q - +0 cloak
rCorr    +         Rampage  .   (no gloves)
MR       .....                  (no boots)
Stlth    ++........             k - amulet of reflection
HPRegen  0.19/turn              j - +6 ring of strength
MPRegen  0.14/turn              t - ring of resist corrosion

@: no status effects
A: breathe frost, unfitting armour, cold resistance 1, cold-blooded, AC +6
a: Breathe Frost, Renounce Religion


You were on level 6 of the Dungeon.
You worshipped Vehumet.
Vehumet was aware of your devotion.
You visited 2 branches of the dungeon, and saw 7 of its levels.

You collected 342 gold pieces.
You spent 280 gold pieces at shops.

Inventory:

Hand Weapons
 m - a +0 falchion of freezing
 p - a +1 dagger of venom (weapon)
Missiles
 b - 240 stones (quivered)
Armour
 q - a +0 cloak (worn)
Magical Staves
 r - an uncursed staff of cold
Jewellery
 j - a +6 ring of strength (left hand)
 k - an amulet of reflection (around neck)
 t - a ring of resist corrosion (right hand)
 u - an uncursed ring of ice {unknown}
Wands
 w - a wand of iceblast (10)
 x - a wand of disintegration (4)
Scrolls
 a - 2 scrolls of magic mapping
 d - 3 scrolls of remove curse
 e - a scroll of enchant weapon
 f - 4 scrolls of identify
 g - 3 scrolls of amnesia
 h - a scroll of immolation
 n - a scroll of blinking {unknown}
 o - a scroll of random uselessness
 s - a scroll of teleportation {unknown}
Potions
 c - a potion of brilliance
 v - a potion of mutation


   Skills:
 - Level 1.7 Dodging
 - Level 1.7 Stealth
 + Level 4.5 Spellcasting
 + Level 0.7 Conjurations
 * Level 4.0 Transmutations
 * Level 3.2 Fire Magic
 * Level 2.3 Ice Magic
 + Level 2.9 Air Magic
 * Level 7.0 Poison Magic


You had 2 spell levels left.
You knew the following spells:

 Your Spells              Type           Power        Failure   Level
a - Sting                 Tmut/Pois      ####         1%          1
b - Poisonous Vapours     Pois/Air       ###...       2%          2
c - Olgreb's Toxic Radia  Pois           ####....     8%          4
d - Ignite Poison         Fire/Tmut/Pois ###.....     5%          3
e - Freeze                Ice            ##..         4%          1
f - Mephitic Cloud        Conj/Pois/Air  ###.....     9%          3

Your spell library contained the following spells:

 Spells                   Type           Power        Failure   Level
 Confusing Touch          Hex            #.......     36%         3
 Gell's Gravitas          Tloc           #.........   36%         3
 Petrify                  Tmut/Erth      ##......     50%         4
 Yara's Violent Unravell  Hex/Tmut       ##........   85%         5
 Metabolic Englaciation   Hex/Ice        #.........   92%         5


Dungeon Overview and Level Annotations

Branches:
Dungeon (6/15)             Temple (1/1) D:4

Altars:
Ashenzari
Cheibriados
Dithmenos
Elyvilon
Fedhas
Gozag
Hepliaklqana
Kikubaaqudgha
Makhleb
Okawaru
Qazlal
Sif Muna
Uskayaw
Vehumet
Wu Jian
Xom
Yredelemnul
Zin
The Shining One

Shops:
D:4 *   D:5 [(:(!

Annotations:
D:4 2 runed translucent doors, Zonian's ghost, novice SpAr


Innate Abilities, Weirdness & Mutations

You can breathe waves of freezing cold.
You can buffet flying creatures when you breathe cold.
Your icy white scales are hard. (AC +6)
You cannot fit into any form of body armour.
Your flesh is cold resistant. (rC+)
You are cold-blooded and may be slowed by cold attacks.


Message History

The ball explodes into a vile cloud!
The stinking cloud engulfs the wyvern zombie but does no damage.
The wyvern zombie is heavily damaged.
The stinking cloud engulfs you but does no damage.
The wyvern zombie closely misses you.
Casting: Mephitic Cloud (dangerous; 9% risk of failure)
Confirm with . or Enter, or press ? or * to list all spells.
You ignite the poison in your surroundings!
The wyvern zombie is engulfed in blazing flames.
Flame seeps out of the wyvern zombie.
The wyvern zombie bites you.
You are too injured to fight recklessly!
You are too injured to fight recklessly!
You hit the wyvern zombie.
Flame seeps out of the wyvern zombie.
Your tail-slap misses the wyvern zombie.
The wyvern zombie is almost destroyed.
The wyvern zombie is engulfed in blazing flames.
The wyvern zombie explodes!
The fiery explosion engulfs you!!
Ouch! That really hurt!
You die...

.........#...#.# *,* #.#
#####....#.###.# *,* #.#
#....#.###.# *,* #.#
#..........# *,* #.#
#..........# *,###.#
####.......#######.#...#
#.###.#.........#.###
#.###.###########.#
#........@☼○......#
#####.############# #.#
#.# #.# #.# #.# #.# #.#


There were no monsters in sight!

Vanquished Creatures
  Sigmund (D:3)
  2 sky beasts (D:5)
  An orc warrior (D:6)
  An ogre (D:6)
  A centaur (D:6)
  A scorpion (D:4)
  A howler monkey (D:6)
  5 orc priests
  2 hounds (D:4)
  5 orc wizards
  A centaur skeleton (D:4)
  Crazy Yiuf (D:6)
  An iguana (D:6)
  3 worker ants
  A hound skeleton (D:4)
  A worker ant zombie (D:5)
  10 adders
  4 gnolls (D:4)
  A shadow imp (D:5)
  2 oozes (D:1)
  3 adder skeletons
  2 worms
  A dart slug (D:1)
  A leopard gecko (D:4)
  22 orcs
  3 bats
  7 giant cockroaches
  5 goblins
  5 hobgoblins
  10 jackals (D:2)
  6 kobolds
  2 quokkas
  2 ball pythons
  6 frilled lizards
  4 rats
124 creatures vanquished.

Notes
Turn   | Place    | Note
-------+----------+-------------------------------------------
     0 | D:1      | selver the Draconian Venom Mage began the quest for the
                  | Orb.
     0 | D:1      | Reached XP level 1. HP: 14/14 MP: 3/3
   310 | D:1      | Reached XP level 2. HP: 20/20 MP: 1/5
   670 | D:1      | Learned a level 2 spell: Poisonous Vapours
  1168 | D:1      | Reached XP level 3. HP: 26/26 MP: 6/6
  1290 | D:2      | Reached skill level 4 in Poison Magic
  1641 | D:2      | Reached XP level 4. HP: 30/33 MP: 2/8
  2377 | D:3      | Reached skill level 5 in Poison Magic
  2377 | D:3      | Reached XP level 5. HP: 28/38 MP: 1/9
  2931 | D:3      | Learned a level 4 spell: Olgreb's Toxic Radiance
  2935 | D:3      | Learned a level 3 spell: Ignite Poison
  3021 | D:3      | Found a stormy altar of Qazlal.
  3207 | D:3      | Noticed Sigmund
  3250 | D:3      | Killed Sigmund
  3251 | D:3      | Reached skill level 1 in Fire Magic
  3251 | D:3      | Reached skill level 1 in Air Magic
  3251 | D:3      | Reached XP level 6. HP: 45/45 MP: 3/11
  3460 | D:3      | Found a hazy altar of Hepliaklqana.
  3460 | D:3      | Found a glowing golden altar of the Shining One.
  3632 | D:4      | Found Jupufioceb's General Store.
  3635 | D:4      | Bought a scroll of identify for 22 gold pieces
  3635 | D:4      | Bought a scroll of enchant weapon for 82 gold pieces
  3665 | D:4      | Found a large runed translucent door.
  3665 | D:4      | Found a large runed translucent door.
  3669 | D:4      | Noticed Zonian's ghost (novice SpAr)
  3911 | D:4      | Reached skill level 6 in Poison Magic
  3943 | D:4      | Found a staircase to the Ecumenical Temple.
  3952 | D:4      | Your scales start taking on an icy white colour.
  3952 | D:4      | Reached XP level 7. HP: 50/50 MP: 5/12
  3952 | D:4      | Gained mutation: Your flesh is cold resistant. (rC+) [White
                  | Draconian growth]
  4057 | Temple   | Entered the Ecumenical Temple
  4176 | Temple   | Became a worshipper of Vehumet
  4204 | D:4      | Found a shadowy altar of Dithmenos.
  4715 | D:5      | Entered Level 5 of the Dungeon
  4962 | D:5      | Found Ozxunua's Book Emporium.
  4976 | D:5      | Found a shimmering blue altar of Sif Muna.
  4977 | D:5      | Found an ancient bone altar of Kikubaaqudgha.
  4980 | D:5      | Found a hide-covered altar of Uskayaw.
  4980 | D:5      | Found a white marble altar of Elyvilon.
  4983 | D:5      | Found a broken altar of Ashenzari.
  5003 | D:5      | Found Saffej's Antique Armour Boutique.
  5072 | D:5      | Found Luxke Niladd's Distillery.
  5080 | D:5      | Bought a potion of heal wounds for 55 gold pieces
  5080 | D:5      | Bought a potion of mutation for 88 gold pieces
  5080 | D:5      | Bought a potion of curing for 33 gold pieces
  5120 | D:5      | Found Ylinn's Weapon Shoppe.
  5193 | D:5      | Found a shimmering altar of Xom.
  5194 | D:5      | Found a shimmering altar of Xom.
  5194 | D:5      | Found a shimmering altar of Xom.
  5194 | D:5      | Found a shimmering altar of Xom.
  5205 | D:5      | Reached * piety under Vehumet
  5205 | D:5      | Offered knowledge of Freeze by Vehumet.
  5206 | D:5      | Found a shimmering altar of Xom.
  5206 | D:5      | Found a shimmering altar of Xom.
  5213 | D:5      | Reached XP level 8. HP: 55/57 MP: 2/14
  5221 | D:5      | Learned a level 1 spell: Freeze
  5635 | D:5      | Found Naggax's Antique Weapon Shoppe.
  5737 | D:6      | Reached skill level 1 in Ice Magic
  5853 | D:6      | Learned a level 3 spell: Mephitic Cloud
  6038 | D:6      | Found a blossoming altar of Fedhas.
  6278 | D:6      | Found a runed translucent door.
  6279 | D:6      | Noticed Crazy Yiuf
  6288 | D:6      | Killed Crazy Yiuf
  6351 | D:6      | Reached skill level 7 in Poison Magic
  6698 | D:6      | Killed from afar by a wyvern zombie

Illustrated notes

Levels and vault maps discovered:
D:1:      moated_graveyard_arrival, layout_loops_ring, minmay_misc_feat_rows,
          chequers_serial_rivers_small_3, hangedman_abyss_or_decor_lesser_grid
D:2:      layout_basic
D:3:      layout_loops_ring, lemuel_round_altar,
          amethyst_overflow_temple_binary, uniq_sigmund
D:4:      layout_basic, kennysheep_little_box, minmay_temple_entry_large_hall,
          ebering_ghost_disaster_area, serial_shops, shop
D:5:      minmay_spotlight, layout_cave_pools, grunt_temple_overflow_open,
          xom_redecorated, serial_column_ruins, column_ruins_hut_ruined,
          column_ruins_grid_3, column_ruins_open_tiny,
          column_ruins_open_small_water, column_ruins_grid_3, serial_shops,
          nicolae_shop_window_shopping,
          nicolae_shop_temple_entry_statues_fountains, nicolae_shop_stone,
          nicolae_shop_trees, shop_statue, minmay_statues_item
D:6:      layout_basic, lemuel_doored_altar, uniq_crazy_yiuf_cottage
Temple:   minmay_temple_curvy_loop

Skill      XL: |  1  2  3  4  5  6  7  8 |
---------------+-------------------------+-----
Poison Magic   | 4 5 6 7 |  7.0
Spellcasting   | 3 4 |  4.5
Fire Magic     | 1 2 3 |  3.2
Air Magic      | 1 2 |  2.9
Transmutations | 2 3 4 |  4.0
Ice Magic      | 2 |  2.3
Dodging        | |  1.7
Stealth        | |  1.7
Conjurations   | |  0.7

Action                   |  1- 3 |  4- 6 |  7- 9 || total
-------------------------+-------+-------+-------++-------
Melee: Dagger            |    50 |   134 |   164 ||   348
       Tailslap          |     8 |    18 |    28 ||    54
 Cast: Sting             |    24 |    17 |     6 ||    47
       Poisonous Vapours |     6 |    26 |    23 ||    55
       Ignite Poison     |       |       |    11 ||    11
       Olgreb's Toxic Ra |       |       |     5 ||     5
       Freeze            |       |       |    10 ||    10
       Mephitic Cloud    |       |       |     4 ||     4
  Use: Scroll            |     4 |     4 |     3 ||    11
       Potion            |       |     5 |     7 ||    12
 Stab: Sleeping          |     2 |     4 |     2 ||     8
Armor: Skin              |    15 |    33 |    36 ||    84
Dodge: Dodged            |    46 |    84 |    95 ||   225
Block: Other             |       |    18 |    41 ||    59
       Reflection        |       |       |     1 ||     1

Table legend: (Time is in decaauts)
 A = Elapsed time spent in this place.
 B = Non-inter-level travel time spent in this place.
 C = Inter-level travel time spent in this place.
 D = Time resting spent in this place.
 E = Time spent auto-exploring this place.
 F = Levels seen in this place.
 G = Mean time per level.
                   A        B        C        D        E       F      G
               +--------+--------+--------+--------+--------+-----+--------+
         Total |   6707 |   6597 |    110 |   2610 |   2793 |   7 |  958.1 |
       Dungeon |   6576 |   6477 |     99 |   2610 |   2679 |   6 | 1096.0 |
        Temple |    130 |    119 |     11 |      0 |    114 |   1 |  130.0 |
               +--------+--------+--------+--------+--------+-----+--------+

Top non-repeatable levels by time:
     D:1: 1280 daAuts
     D:3: 1254 daAuts
     D:2: 1070 daAuts
     D:6: 1030 daAuts
     D:4: 987 daAuts
     D:5: 952 daAuts
  Temple: 130 daAuts
